 Dungeon Crawl Stone Soup version bcrawl-1.19.2-6-g6a88ae04c9 (webtiles) character file.

Game seed: 18221726590717181451

18 t4s4d4r the Magician (level 2, 0/19 HPs)
             Began as a Human Wizard on Jan 11, 2020.
             Slain by a hobgoblin
             ... wielding a +0 club
              (3 damage)
             ... on level 1 of the Dungeon.
             The game lasted 00:01:59 (671 turns).

t4s4d4r the Magician (Human Wizard)                  Turns: 671, Time: 00:02:00

Health: 0/19       AC:  2    Str:  7    XL:     2   Next: 90%
Magic:  0/6        EV: 12    Int: 18    God:
Gold:   6          SH:  0    Dex: 11    Spells: 4/7 levels left

rFire    . . .     SeeInvis .   a - +0 staff
rCold    . . .     Gourm    .   (no shield)
rNeg     . . .     Faith    .   b - +0 robe
rPois    .         Spirit   .   c - +0 hat
rElec    .         Reflect  .   (no cloak)
rCorr    .         Harm     .   (no gloves)
MR       .....                  (no boots)
Stlth    ++........             (no amulet)
HPRegen  0.06/turn              (no ring)
MPRegen  0.10/turn              (no ring)

@: no status effects
A: no striking features
a: no special abilities


You were on level 1 of the Dungeon.
You were not hungry.

You visited 1 branch of the dungeon, and saw 1 of its levels.

You collected 6 gold pieces.

Inventory:

Hand Weapons
 a - a +0 staff (weapon)
Armour
 b - a +0 robe (worn)
 c - a +0 hat (worn)
Scrolls
 d - a scroll of enchant weapon {unknown}
Potions
 e - a potion of heal wounds {unknown}
 h - a potion of brilliance {unknown}
 i - a potion of mutation {unknown}
Comestibles
 f - 2 rations {!d}
 g - a chunk of flesh


   Skills:
 - Level 2.1 Dodging
 - Level 2.4 Stealth
 - Level 3.0 Spellcasting
 - Level 2.5 Conjurations
 + Level 1.6 Summonings
   Level 1.1 Translocations


You had 4 spell levels left.
You knew the following spells:

 Your Spells              Type           Power        Failure   Level  Hunger
a - Magic Dart            Conj           ##..         6%          1    None
b - Call Imp              Summ           #.....       13%         2    ##.....

Your spell library contained the following spells:

 Spells                   Type           Power        Failure   Level  Hunger
 Blink                    Tloc           N/A          16%         2    ##.....
 Conjure Flame            Conj/Fire      #.......     28%         3    ###....
 Mephitic Cloud           Conj/Pois/Air  #.......     34%         3    ###....
 Spider Form              Tmut/Pois      #..          43%         3    ###....


Dungeon Overview and Level Annotations

Branches:
Dungeon (1/12)

Altars:


Message History

Casting: Magic Dart (safe; 6% risk of failure)
Confirm with . or Enter, or press ? or * to list all spells.
Aiming: Magic Dart (safe; 6% risk of failure)
Press: ? - help, Shift-Dir - straight line, f/p - hobgoblin
Aim: a hobgoblin, wielding a +0 club (heavily wounded)
The magic dart hits the hobgoblin.
The hobgoblin is almost dead.
Your magical contamination has completely faded away.
The hobgoblin hits you with a +0 club.
* * * LOW HITPOINT WARNING * * *
You see here a +0 club.
Casting: Magic Dart (safe; 6% risk of failure)
Confirm with . or Enter, or press ? or * to list all spells.
Aiming: Magic Dart (safe; 6% risk of failure)
Press: ? - help, Shift-Dir - straight line, f/p - hobgoblin
Aim: a hobgoblin, wielding a +0 club (almost dead)
The magic dart hits the hobgoblin.
The hobgoblin is almost dead.
The hobgoblin hits you with a +0 club.
You die...

..............# #.#...#
########......# #.#...#
.. #......####.....#
.#####+#......##.#.+####
..............##...#
........###.######.#
#.......# #.#......#
#.......# #.#......#
#.......###.#..g@..#
#............###+#.#
#.......####)###.#.#
####+#w##..........#
....w#.#####†.##.#.#
...#.#....##..##.#.#
.........)....##.#.#
...#.#.........#.#.#
####.#....##...#.#.#


You could see a hobgoblin.

Vanquished Creatures
  A ball python (D:1)
  A bat (D:1)
  A bat zombie (D:1)
  2 giant cockroaches (D:1)
  2 goblins (D:1)
  A hobgoblin (D:1)
  A jackal (D:1)
  4 kobolds (D:1)
  A leopard gecko zombie (D:1)
  3 rats (D:1)
17 creatures vanquished.

Notes
Turn   | Place    | Note
-------+----------+-------------------------------------------
     0 | D:1      | t4s4d4r the Human Wizard began the quest for the Orb.
     0 | D:1      | Reached XP level 1. HP: 13/13 MP: 4/4
   217 | D:1      | Reached XP level 2. HP: 19/19 MP: 0/6
   459 | D:1      | Learned a level 2 spell: Call Imp
   671 | D:1      | Slain by a hobgoblin

Skill      XL: |  1 |
---------------+----+-----
Conjurations   | 2 |  2.5
Dodging        | |  2.1
Stealth        | |  2.4
Spellcasting   | |  3.0
Summonings     | |  1.6
Translocations | |  1.1

Action                   || total
-------------------------++-------
Melee: Staff             ||    23
 Cast: Magic Dart        ||    48
Armor: Robe              ||     7
Dodge: Dodged            ||    34
